 Dungeon Crawl Stone Soup version 0.29-a0-323-g050149af67 (webtiles) character file.

Game seed: 5264593302504889286

12 GigaChad the Slasher (level 2, 0/27 HPs)
             Began as a Minotaur Chaos Knight on Apr 11, 2022.
             Was a Plaything of Xom.
             Slain by an adder (1 damage)
             ... on level 2 of the Dungeon.
             The game lasted 00:02:17 (722 turns).

GigaChad the Slasher (Minotaur Chaos Knight)         Turns: 722, Time: 00:02:18

Health: 0/27       AC: 11    Str: 16    XL:     2   Next: 20%
Magic:  1/1        EV:  4    Int:  9    God:    Xom [..*...]
Gold:   32         SH:  0    Dex:  9    Spells: 1/1 levels left

rFire   . . .      SeeInvis .   a - +0 falchion (chaos)
rCold   . . .      Faith    .   (no shield)
rNeg    . . .      Spirit   .   k - +0 plate armour
rPois   .          Reflect  .   (helmet restricted)
rElec   .          Harm     .   (no cloak)
rCorr   .          Rampage  .   (no gloves)
Will    .....                   (no boots)
Stlth   ..........              (no amulet)
HPRegen 0.09/turn               j - ring of flight
MPRegen 0.07/turn               (no ring)

@: lethally poisoned (0 -> -10), flying
A: horns 2, retaliatory headbutt
a: Renounce Religion


You were on level 2 of the Dungeon.
You worshipped Xom.
You were a toy of Xom.
You visited 1 branch of the dungeon, and saw 2 of its levels.

You collected 32 gold pieces.

Inventory:

Hand Weapons
 a - a +0 falchion of chaos (weapon)
 d - a +0 mace of draining
Armour
 b - a +2 leather armour
 k - a +0 plate armour (worn)
Magical Staves
 h - a staff of air
Jewellery
 j - a ring of flight (left hand)
Scrolls
 g - a scroll of identify {unknown}
 l - a scroll of teleportation {unknown}
Potions
 e - a potion of mutation {unknown}
 f - a potion of attraction {unknown}
 i - 2 potions of curing {unknown}
Miscellaneous
 c - a piece from Xom's chessboard (15/15) (quivered)


   Skills:
 + Level 4.0 Fighting
 + Level 4.1 Long Blades
 + Level 2.4 Armour
 + Level 1.2 Dodging


You had one spell level left.
You didn't know any spells.
Your spell library was empty.

Dungeon Overview and Level Annotations

Branches:
Dungeon (2/15)

Altars:


Innate Abilities, Weirdness & Mutations

You have a pair of horns on your head.
You reflexively headbutt those who attack you in melee.


Message History

You kill the rat!
An adder comes into view.
The adder hisses angrily.
An adder comes into view.
The adder hisses angrily.
You closely miss the adder. The adder bites you but does no damage.
You hit the adder. You burn the adder. Your headbutt misses the adder.
The adder is severely wounded.
The adder bites you but does no damage. The adder barely misses you.
The adder bites you but does no damage. x2
The adder attacks as you move away! The adder bites you but does no damage.
The adder bites you. The adder barely misses you.
The adder bites you but does no damage.
The adder bites you but does no damage. x2; The adder barely misses you.
The adder bites you but does no damage.
You closely miss the adder.
The adder bites you but does no damage. x2
You hit the adder.
You feel better.
Your headbutt misses the adder.
The adder is lightly wounded.
The adder bites you.
You are poisoned.
The adder poisons you! The adder bites you but does no damage.
The adder barely misses you.
You miss the adder.
The adder is lightly wounded.
You feel sick. The adder bites you but does no damage. The adder bites you.
You are more poisoned.
The adder poisons you! The adder bites you but does no damage.
You closely miss the adder.
You headbutt the adder, but do no damage.
You feel sick. The adder bites you.
* * * LOW HITPOINT WARNING * * *
The adder bites you.
* * * LOW HITPOINT WARNING * * *
You are more poisoned.
The adder poisons you!
You closely miss the adder. Your headbutt misses the adder.
* * * LOW HITPOINT WARNING * * *
You feel very sick. The adder bites you.
You die...

#........# .........#
#........###
#..........#
#####........#.#####
..#............#......
....#.................
........@............<
....#.#SS.............
......................
#....#...............
#..#.................
#.. ###...............
.. ##...<..........
#.#...[..#.>...
#.#####....####


You could see 2 adders.

Vanquished Creatures
  A bat (D:1)
  2 endoplasms (D:2)
  A goblin (D:1)
  3 kobolds (D:1)
  A quokka (D:1)
  3 rats
11 creatures vanquished.

Notes
Turn   | Place    | Note
-------+----------+-------------------------------------------
     0 | D:1      | GigaChad the Minotaur Chaos Knight began the quest for the
                  | Orb.
     0 | D:1      | Reached XP level 1. HP: 19/19 MP: 0/0
   121 | D:1      | XOM: silly message
   131 | D:1      | XOM: silly message
   190 | D:1      | Reached XP level 2. HP: 13/27 MP: 1/1
   513 | D:1      | XOM: 3-stop teleportation journey
   722 | D:2      | HP: 1/27 [poisoned by an adder]
   722 | D:2      | Slain by an adder

Illustrated notes

Levels and vault maps discovered:
D:1:      heliophobic_arrival_enchanted_forest, layout_basic, serial_curves,
          eino_curves_03, eino_curves_01, eino_curves_01, eino_curves_02
D:2:      layout_rooms, basic_altar, serial_bayou_pond_e,
          minmay_misc_feat_pillars, minmay_rat_gold_closets

Skill      XL: |  1  2 |
---------------+-------+-----
Long Blades    | 4 |  4.1
Fighting       | 4 |  4.0
Armour         | |  2.4
Dodging        | |  1.2

Action                   || total
-------------------------++-------
Melee: Falchion          ||    35
       Headbutt          ||     3
  Use: Scroll            ||     1
Armor: Leather armour    ||    13
       Plate armour      ||    15
Dodge: Dodged            ||    27

Table legend: (Time is in decaauts)
 A = Elapsed time spent in this place.
 B = Non-inter-level travel time spent in this place.
 C = Inter-level travel time spent in this place.
 D = Time resting spent in this place.
 E = Time spent auto-exploring this place.
 F = Levels seen in this place.
 G = Mean time per level.
                   A        B        C        D        E       F      G
               +--------+--------+--------+--------+--------+-----+--------+
         Total |    724 |    721 |      3 |    160 |      0 |   2 |  362.0 |
       Dungeon |    724 |    721 |      3 |    160 |      0 |   2 |  362.0 |
               +--------+--------+--------+--------+--------+-----+--------+

Top non-repeatable levels by time:
     D:1: 689 daAuts
     D:2: 34 daAuts
